[Event "Sachovy Festival 2019"]
[Site "Prague"]
[Date "2019.06.18"]
[Round "4.2"]
[White "Timman, Jan"]
[Black "Nguyen, Thai Dai Van"]
[Result "0-1"]
[ECO "C42"]
[WhiteElo "2561"]
[BlackElo "2286"]
[Annotator "ChessBase"]
[PlyCount "88"]
[EventDate "2019.06.17"]
[EventType "match"]
[EventCountry "CZE"]
[SourceTitle "playchess.com"]
[Source "ChessBase"]
[SourceQuality "1"]
[TimeControl "1200+10"]

1. e4 e5 2. Nf3 Nf6 3. Nxe5 d6 4. Nf3 Nxe4 5. Qe2 Qe7 6. d3 Nf6 7. Bg5 Qxe2+ 8. Bxe2 Be7 9. Nc3 h6 10. Bh4 Nbd7 11. O-O-O Nf8 12. Rhe1 Ng6 13. Bg3 Nh5 14. Nd5 Nxg3 15. hxg3 Bd8 16. d4 O-O 17. Bd3 c6 18. Bxg6 fxg6 19. Nf4 Bf5 20. d5 Bb6 21. Nd4 Bxd4 22. Rxd4 g5 23. Ne6 Bxe6 24. dxe6 Rxf2 25. Rxd6 Rxg2 26. Re3 Re8 27. Rd7 b5 28. Rxa7 h5 29. a4 bxa4 30. Rxa4 Kh7 31. Rc4 Rf2 32. b4 Rf6 33. Rxc6 h4 34. g4 Rf4 35. b5 Rxg4 36. b6 Rg3 37. Kd2 Rg2+ 38. Kd3 g4 39. b7 h3 40. Rc8 h2 41. Rxe8 h1=Q 42. Rh8+ Kxh8 43. b8=Q+ Kh7 44. Qb5 Qf1+ {[%emt 0:01:11] Kd2} 0-1

[Event "Sachovy Festival 2019"]
[Site "Prague"]
[Date "2019.06.18"]
[Round "5.2"]
[White "Nguyen, Thai Dai Van"]
[Black "Timman, Jan"]
[Result "1/2-1/2"]
[ECO "E15"]
[WhiteElo "2286"]
[BlackElo "2561"]
[Annotator "ChessBase"]
[PlyCount "61"]
[EventDate "2019.06.17"]
[EventType "match"]
[EventCountry "CZE"]
[SourceTitle "playchess.com"]
[Source "ChessBase"]
[SourceQuality "1"]
[TimeControl "1200+10"]

1. d4 Nf6 2. c4 e6 3. Nf3 b6 4. g3 Ba6 5. Qc2 Bb7 6. Bg2 c5 7. d5 exd5 8. cxd5 Nxd5 9. O-O Be7 10. Rd1 Nc6 11. Qa4 Nf6 12. Nh4 O-O 13. Nf5 d5 14. Nc3 Nd4 15. Nxd4 cxd4 16. Qxd4 Bc5 17. Qa4 Qe8 18. Qxe8 Rfxe8 19. e3 Rac8 20. Bd2 Bd6 21. Nb5 Be5 22. Bc3 Bxc3 23. Nxc3 Rc5 24. Rd4 Ne4 25. Bxe4 dxe4 26. Rad1 Kf8 27. Rd7 Re7 28. Rd8+ Re8 29. R8d7 Re7 30. Rd8+ Re8 31. R8d7 1/2-1/2

[Event "Sachovy Festival 2019"]
[Site "Prague"]
[Date "2019.06.18"]
[Round "6.2"]
[White "Timman, Jan"]
[Black "Nguyen, Thai Dai Van"]
[Result "1/2-1/2"]
[ECO "C42"]
[WhiteElo "2561"]
[BlackElo "2286"]
[Annotator "RC"]
[PlyCount "88"]
[EventDate "2019.06.17"]
[EventType "match"]
[EventCountry "CZE"]
[SourceTitle "playchess.com"]
[Source "ChessBase"]
[SourceQuality "1"]
[TimeControl "1200+10"]

1. e4 e5 2. Nf3 Nf6 3. Nxe5 d6 4. Nf3 Nxe4 5. Qe2 Qe7 6. d3 Nf6 7. Bg5 Qxe2+ 8. Bxe2 Be7 9. Nc3 h6 10. Bh4 Be6 11. Nd4 Nc6 12. Nxc6 bxc6 13. Bf3 Kd7 14. O-O-O Rab8 15. Rhe1 g5 16. Bg3 Nd5 17. Ne2 c5 18. c4 Nb6 19. Bh5 f5 20. f4 Bf6 21. b3 Rbf8 22. d4 cxd4 23. Nxd4 Bf7 24. Bxf7 Rxf7 25. fxg5 Bxg5+ 26. Kc2 Rg8 27. c5 dxc5 28. Nxf5+ Kc6 29. Re6+ Kb7 30. Nxh6 Bxh6 31. Rxh6 c4 32. Rh5 cxb3+ 33. axb3 c6 34. b4 Nd5 35. Rd4 Ne3+ 36. Kd3 Nf5 37. Rf4 Rd7+ 38. Kc4 Nxg3 39. hxg3 Rxg3 40. b5 Rc7 41. Kb4 c5+ 42. Rxc5 Rxc5 43. Kxc5 Rg5+ 44. Kb4 Rxg2 1/2-1/2

[Event "Sachovy Festival 2019"]
[Site "Prague"]
[Date "2019.06.19"]
[Round "8.2"]
[White "Timman, Jan H"]
[Black "Nguyen, Thai Dai Van"]
[Result "0-1"]
[ECO "A14"]
[WhiteElo "2549"]
[BlackElo "2529"]
[Annotator "ChessBase"]
[PlyCount "128"]
[EventDate "2019.06.17"]
[EventType "match"]
[EventCountry "CZE"]
[SourceTitle "playchess.com"]
[Source "ChessBase"]
[SourceQuality "1"]
[TimeControl "1200+10"]

1. c4 Nf6 2. g3 e6 3. Nf3 d5 4. b3 Be7 5. Bb2 O-O 6. Bg2 c5 7. O-O Nc6 8. e3 b6 9. Nc3 Ba6 10. d3 Rc8 11. Qe2 Qc7 12. Nb5 Qb8 13. e4 dxe4 14. dxe4 e5 15. Nc3 Nd4 16. Qd1 Rfd8 17. Nd5 Nxd5 18. exd5 b5 19. Re1 Bf6 20. Bh3 bxc4 21. Bxc8 Rxc8 22. Nd2 cxb3 23. axb3 Bb7 24. Ne4 Bxd5 25. Nxf6+ gxf6 26. Bxd4 cxd4 27. Qg4+ Kh8 28. Qf5 Kg7 29. Qg4+ Kh8 30. Ra6 Be6 31. Qf3 Kg7 32. h4 Rc3 33. Qe4 Rxb3 34. h5 Qb7 35. Qxb7 Rxb7 36. f4 exf4 37. gxf4 d3 38. Kf2 Rb5 39. Ke3 Rxh5 40. Kxd3 Rh3+ 41. Kd4 h5 42. Rxa7 Kg6 43. Ra5 Rg3 44. Ke4 Bg4 45. Re3 Rg1 46. Ra8 Kg7 47. Rb3 Re1+ 48. Re3 Rf1 49. Rg3 f5+ 50. Ke3 h4 51. Rg2 Rf3+ 52. Kd2 h3 53. Rh2 Rxf4 54. Ra3 Re4 55. Re3 Kg6 56. Kd3 Ra4 57. Re8 Kg5 58. Ke3 Ra3+ 59. Kf2 Kf4 60. Rb8 Rf3+ 61. Kg1 Kg3 62. Rhb2 f4 63. Rd2 Re3 64. Rb1 Be2 0-1

[Event "Sachovy Festival 2019"]
[Site "Prague"]
[Date "2019.06.19"]
[Round "9.2"]
[White "Nguyen, Thai Dai Van"]
[Black "Timman, Jan H"]
[Result "1-0"]
[ECO "B07"]
[WhiteElo "2529"]
[BlackElo "2549"]
[Annotator "ChessBase"]
[PlyCount "71"]
[EventDate "2019.06.17"]
[EventType "match"]
[EventCountry "CZE"]
[SourceTitle "playchess.com"]
[Source "ChessBase"]
[SourceQuality "1"]
[TimeControl "1200+10"]

1. d4 d6 2. e4 Nf6 3. Nc3 g6 4. Bg5 Bg7 5. Qd2 h6 6. Bf4 g5 7. Bg3 Nh5 8. O-O-O c6 9. Be2 Nxg3 10. hxg3 b5 11. f4 b4 12. Nb1 gxf4 13. gxf4 Qa5 14. a3 Na6 15. Bxa6 Qxa6 16. Qxb4 c5 17. dxc5 dxc5 18. Qd2 O-O 19. Nf3 Rb8 20. e5 Rb6 21. Qc3 Be6 22. Rd2 Rfb8 23. Rhd1 Rxb2 24. Rd8+ Bf8 25. Qxb2 Rxb2 26. Kxb2 Qb5+ 27. Kc1 Bf5 28. Nc3 Qa5 29. Kb2 Qb6+ 30. Kc1 Qa5 31. Kb2 Qb6+ 32. Kc1 f6 33. Nd5 Qe6 34. exf6 exf6 35. Re1 Be4 36. Rxe4 1-0

[Event "Sachovy Festival 2019"]
[Site "Prague"]
[Date "2019.06.19"]
[Round "10.2"]
[White "Timman, Jan H"]
[Black "Nguyen, Thai Dai Van"]
[Result "0-1"]
[ECO "A14"]
[WhiteElo "2549"]
[BlackElo "2529"]
[Annotator "ChessBase"]
[PlyCount "60"]
[EventDate "2019.06.17"]
[EventType "match"]
[EventCountry "CZE"]
[SourceTitle "playchess.com"]
[Source "ChessBase"]
[SourceQuality "1"]
[TimeControl "1200+10"]

1. c4 Nf6 2. Nf3 e6 3. g3 d5 4. b3 Be7 5. Bb2 O-O 6. Bg2 c5 7. O-O Nc6 8. e3 b6 9. Nc3 Ba6 10. d3 Rc8 11. Qe2 Qc7 12. Nb5 Qb8 13. Rad1 Rfd8 14. Bh3 Bb7 15. g4 a6 16. g5 axb5 17. gxf6 Bxf6 18. Bxf6 gxf6 19. cxb5 Ne7 20. d4 Kh8 21. Kh1 Rg8 22. Nh4 cxd4 23. Qf3 Qe5 24. exd4 Qe4 25. Qxe4 dxe4 26. Ng2 f5 27. Rfe1 Nd5 28. Rd2 Rc3 29. Ne3 f4 30. Nxd5 Bxd5 0-1